cohdb
Replays
Latest Replays
All Replays
Popular Replays
Top Player Replays
Match Explorer
How It Works
Community
CoH3 Stats
Reddit
Sign in to upload your games and track your stats! →
Sign in with Steam
Match 46147920
Unlisted
Match 46147920
Overview
Messages
Build Orders
End
Engineer Squad
Construct Barracks
Riflemen Squad
Riflemen Squad
Riflemen Squad
Infantry Support Center
Riflemen Squad
Grenade Package
M1918 Browning Automatic Rifles
Riflemen Squad
Construct Tank Depot
Advanced Logistics
Survival Training
Herr Blautier
EPHX_Valkyrion
E.King
Ol'Smokey
Ben Shapiro raped me with facts
skyhawkfranky
0
0
Comments
sign in to comment!
No comments posted yet!